 Dungeon Crawl Stone Soup version 0.29.1-12-g30fa7ad0bf (webtiles) character file.

Game seed: 10692117196304248299

192895 MrSixtyFour the Spear-Bearer (level 17, -6/137 HPs)
             Began as a Demonspawn Berserker on Dec 25, 2022.
             Was a High Priest of Trog.
             Drowned by a water nymph (13 damage)
             ... on level 4 of the Shoals.
             The game lasted 02:11:43 (24180 turns).

MrSixtyFour the Spear-Bearer (DsBe)                Turns: 24180, Time: 02:11:48

Health: -6/137     AC: 37    Str: 23    XL:     17   Next: 26%
Magic:  23/23      EV:  7    Int: 10    God:    Trog [*****.]
Gold:   1329       SH: 18    Dex: 20    Spells: 16/16 levels left

rFire   + . .      SeeInvis +   F - +2 demon trident (elec)
rCold   + . .      Faith    .   j - +4 kite shield of the Rose {rC+}
rNeg    . . .      Spirit   .   R - +7 plate armour {ponderous}
rPois   .          Reflect  .   H - +2 helmet {SInv}
rElec   +          Harm     .   a - +2 cloak
rCorr   .          Rampage  .   s - +2 pair of gloves
Will    +++..                   (boots unavailable)
Stlth   ..........              C - amulet "Riafaw" {rC+ Regen+ Dex+3}
HPRegen 1.12/turn               u - +4 ring of slaying
MPRegen 0.18/turn               v - ring of Fallacy {rElec rF+ rC- Will+ Dex+3}

@: lethally poisoned (-6 -> -7), on berserk cooldown, slowed, very slow
A: hooves 3, molten scales 2, ignite blood 1, powered by pain 2, demonic
willpower
}: 2/15 runes: serpentine, barnacled
a: Renounce Religion, Berserk, Trog's Hand, Brothers in Arms


You were on level 4 of the Shoals.
You worshipped Trog.
Trog was extremely pleased with you.
You visited 4 branches of the dungeon, and saw 22 of its levels.
You also visited: Gauntlet.

You collected 1617 gold pieces.
You spent 288 gold pieces at shops.

Inventory:

Hand Weapons
 e - a +1 demon trident of flaming
 F - a +2 demon trident of electrocution (weapon)
Missiles
 n - 16 boomerangs
 o - 2 silver boomerangs
 G - 8 javelins (quivered)
 T - 2 silver javelins
Armour
 a - a +2 cloak (worn)
 j - the +4 kite shield of the Rose (worn) {rC+}
   (You found it on level 9 of the Dungeon)

   rC:        It protects you from cold.
 s - a +2 pair of gloves (worn)
 H - a +2 helmet of see invisible (worn)
 L - a +0 tower shield
 R - a +7 plate armour of ponderousness (worn)
Jewellery
 l - a ring of positive energy
 u - a +4 ring of slaying (left hand)
 v - the ring of Fallacy (right hand) {rElec rF+ rC- Will+ Dex+3}
   (You found it in a Gauntlet)

   [ring of willpower]

   Dex:       It affects your dexterity (+3).
   rF:        It protects you from fire.
   rC:        It makes you vulnerable to cold.
   rElec:     It insulates you from electricity.
   Will:      It increases your willpower.
 C - the amulet "Riafaw" (around neck) {rC+ Regen+ Dex+3}
   (You took it off a minotaur in a Gauntlet)

   [amulet of regeneration]

   Dex:       It affects your dexterity (+3).
   rC:        It protects you from cold.
   Regen:     It increases your rate of health regeneration.
 I - a ring of protection from cold
 V - a ring of fire
Wands
 d - a wand of mindburst (15)
 t - a wand of roots (9)
 y - a wand of charming (15)
 D - a wand of digging (2)
 E - a wand of flame (84)
 J - a wand of polymorph (14)
 M - a wand of light (23)
Scrolls
 c - 4 scrolls of teleportation
 g - a scroll of fear
 h - a scroll of immolation
 i - 2 scrolls of enchant armour
 m - 2 scrolls of acquirement
 p - 2 scrolls of magic mapping
 w - 4 scrolls of blinking
 x - a scroll of silence
 B - 9 scrolls of identify
 O - 2 scrolls of fog
 U - a scroll of enchant weapon
Potions
 b - 2 potions of might
 f - 2 potions of magic
 k - 3 potions of haste
 q - 4 potions of attraction
 r - 6 potions of cancellation
 z - 3 potions of invisibility
 A - 8 potions of curing
 K - 2 potions of heal wounds
 N - 6 potions of flight
 Q - a potion of ambrosia
 S - 2 potions of lignification
Miscellaneous
 P - a lightning rod (4/4)


   Skills:
 + Level 13.5 Fighting
 - Level 4.5(10.4) Axes
 + Level 14.3(14.6) Polearms
 + Level 13.8 Armour
 - Level 1.7 Dodging
 + Level 12.7 Shields
 - Level 9.0 Invocations
 + Level 12.8 Evocations


You had 16 spell levels left.
You didn't know any spells.
Your spell library contained the following spells:

 Spells                   Type           Power      Damage    Failure   Level
 Ensorcelled Hibernation  Hex/Ice        0%         N/A       100%        2
 Spider Form              Tmut/Pois      0%         N/A       100%        3
 Anguish                  Hex/Necr       0%         N/A       100%        4
 Animate Armour           Summ/Erth      0%         N/A       100%        4
 Blade Hands              Tmut           0%         N/A       100%        5
 Iron Shot                Conj/Erth      0%         9d1       100%        6


Dungeon Overview and Level Annotations

Branches:
Dungeon (9/15)             Temple (0/1) D:7            Lair (5/5) D:9
 Shoals (4/4) Lair:3        Snake (4/4) Lair:2        Slime (0/5) Lair:5
Gauntlet (visited)
    Orc: D:9-12

Altars:
Fedhas
Kikubaaqudgha
Okawaru
Wu Jian
Xom

Shops:
D:2 [   D:5 :   D:6 !   D:7 *   Shoals:2 [   Shoals:3 !   Snake:1 [!::

Annotations:
Shoals:2 3 runed translucent doors, Wecaes's ghost, journeyman HOFE


Innate Abilities, Weirdness & Mutations

You have hooves in place of feet.
You are mostly covered in molten scales. (AC +3)
Your demonic aura sometimes causes spilled blood to erupt in flames.
You sometimes gain power by taking damage.
You punish those that try to bend your will. (Will+)


Message History

You fall into the shallow water.
Moving in this stuff is going to be slow.
A merfolk aquamancer comes into view. It is wielding a +0 rapier.
You feel a strong urge to attack something.
You are no longer berserk.
You are exhausted.
You feel yourself slow down.
You feel sick.
The merfolk hits you but does no damage.
You closely miss the water nymph.
The merfolk aquamancer shouts!
You kick the water nymph.
The water nymph is lightly wounded.
You feel sick.
The merfolk hits you but does no damage.
You block the water nymph's attack.
The merfolk hits you but does no damage.
You puncture the water nymph!
The water nymph is moderately wounded.
You feel sick. You block the water nymph's attack.
Splash!
You fall into the shallow water.
Moving in this stuff is going to be slow.
The merfolk hits you but does no damage.
You block the merfolk's attack.
Your unstable footing causes you to fumble your attack.
You feel sick. The water nymph casts a spell at you.
The water swirls and strikes you!!
* * * LOW HITPOINT WARNING * * *
The merfolk hits you but does no damage.
The merfolk hits you from afar with a +0 trident!
* * * LOW HITPOINT WARNING * * *
A merfolk impaler comes into view.
It is wielding a +0 trident of protection.
You feel much better.
You feel sick. The water nymph touches you. The water nymph drowns you!
* * * LOW HITPOINT WARNING * * *
The merfolk hits you but does no damage.
You block the merfolk's attack. The water nymph touches you.
The water nymph drowns you!
You die...

#.). #.#.~≈.. #...
#.#.~≈.. #.m#
#...~#.) #mm#
#...~#.. #mm#
#.#.~≈P. #mm#
#..P~≈.) #mm#
#...~##P #~m# #...~
## #[@# #.... #..#
#.## #..# #.
#..#########
#......PP..########
#........PP.#8.....
#...##'##...#.....~
#.†##~~~##..#..~~~~
#..#~~~~~#..#.#~~~#


You could see a merfolk impaler, a merfolk aquamancer, 7 merfolk and a water
nymph.

Vanquished Creatures
  Saint Roka (Snake:4)
  Mlioglotl (Snake:4)
  A titan (Shoals:4)
  Roxanne (Snake:1)
  6 nagarajas (Snake:4)
  A balrug (Gauntlet)
  Aizul (Snake:4)
  Louise (Shoals:4)
  10 merfolk impalers (Shoals:4)
  4 merfolk javelineers
  Erica (D:8)
  A salamander tyrant (Snake:3)
  4 hydras (Lair:4)
  15 anacondas
  A merfolk avatar (Shoals:1)
  A satyr (Shoals:3)
  4 merfolk aquamancers
  4 alligator snapping turtles
  2 centaur warriors
  10 naga warriors
  9 shock serpents
  6 naga sharpshooters
  4 salamander mystics
  17 sea snakes
  11 naga ritualists
  Pikel (D:3)
  13 harpies
  13 mana vipers
  A cyclops (Shoals:3)
  17 fauns
  13 salamanders
  6 manticores
  9 merfolk sirens
  6 guardian serpents
  7 water nymphs
  5 elephants
  Joseph (D:7)
  Maggie (D:9)
  13 naga magi
  A smoke demon (Gauntlet)
  40 black mambas
  Maurice (D:8)
  A torpor snail (Gauntlet)
  9 cane toads
  A rime drake (Lair:2)
  7 komodo dragons
  2 trolls
  21 merfolk
  2 polar bears
  10 wind drakes
  A hornet (D:7)
  18 blink frogs
  9 snapping turtles
  9 dream sheep
  7 air elementals (Shoals:4)
  19 water elementals
  A wyvern (Lair:3)
  34 yaks
  A basilisk (D:9)
  2 steam dragons
  Menkaure (D:4)
  46 nagas
  An acid dragon (D:9)
  2 hell hounds (Gauntlet)
  12 water moccasins
  4 black bears
  3 orc warriors
  A sky beast (D:6)
  2 ice beasts
  5 ogres
  7 wolves (Lair:2)
  2 centaurs
  2 lemures (D:4)
  A phantom (D:6)
  A kobold brigand (D:7)
  A gnoll sergeant (D:7)
  7 bullfrogs
  A necrophage (D:5)
  2 scorpions
  8 wights (D:8)
  Dowan (D:5)
  5 killer bees (D:9)
  2 howler monkeys (D:8)
  2 crimson imps (Gauntlet)
  4 hounds
  4 jellies
  4 orc priests
  A gnoll bouda (D:4)
  Jessica (D:3)
  4 iguanas
  Ijyb (D:3)
  Terence (D:3)
  4 orc wizards
  Robin (D:2)
  12 gnolls
  7 adders
  2 white imps
  2 ufetubi
  A worm (D:4)
  A dart slug (D:5)
  21 orcs
  4 bats
  3 endoplasms
  4 giant cockroaches
  16 goblins
  13 hobgoblins
  6 jackals
  13 kobolds
  2 quokkas (D:1)
  2 ball pythons
  A frilled lizard (D:1)
  2 rats (D:2)
  2 plants
677 creatures vanquished.

Vanquished Creatures (collateral kills)
  A minotaur (Gauntlet)
  A salamander mystic (Snake:4)
  A merfolk siren (Shoals:2)
  A wind drake (Shoals:2)
4 creatures vanquished.

Vanquished Creatures (others)
  Duvessa (D:5)
  An orc (D:7)
  67 plants
69 creatures vanquished.

Grand Total: 750 creatures vanquished

Notes
Turn   | Place    | Note
-------+----------+-------------------------------------------
     0 | D:1      | MrSixtyFour the Demonspawn Berserker began the quest for
                  | the Orb.
     0 | D:1      | Reached XP level 1. HP: 18/18 MP: 1/1
   533 | D:1      | Reached skill level 1 in Invocations
   533 | D:1      | Gained mutation: You sometimes gain a little power by
                  | taking damage. [demonic ancestry]
   533 | D:1      | Reached XP level 2. HP: 23/24 MP: 2/2
   992 | D:1      | Found a faded altar of an unknown god.
  1279 | D:2      | Noticed Robin
  1410 | D:2      | Reached skill level 3 in Polearms
  1439 | D:2      | Gained mutation: You are partially covered in molten
                  | scales. (AC +2) [demonic ancestry]
  1439 | D:2      | Reached XP level 3. HP: 27/29 MP: 4/4
  1469 | D:2      | Found the +3 woodcutter's axe {vorpal}
  1583 | D:2      | Found Seoraelo's Antique Armour Shop.
  1688 | D:2      | Reached ** piety under Trog
  2119 | D:2      | Killed Robin
  2523 | D:3      | Noticed Ijyb
  2529 | D:3      | Gained mutation: You have large cloven feet. [demonic
                  | ancestry]
  2529 | D:3      | Reached XP level 4. HP: 35/35 MP: 5/5
  2540 | D:3      | Killed Ijyb
  2783 | D:3      | Noticed Jessica
  2787 | D:3      | Killed Jessica
  2847 | D:3      | Noticed Terence
  2854 | D:3      | Killed Terence
  2855 | D:3      | Gained mutation: You sometimes gain power by taking damage.
                  | [demonic ancestry]
  2855 | D:3      | Reached XP level 5. HP: 35/42 MP: 7/7
  3228 | D:4      | Noticed Menkaure
  3636 | D:4      | Killed Menkaure
  3637 | D:4      | Reached skill level 1 in Evocations
  3637 | D:4      | Reached XP level 6. HP: 7/48 MP: 7/9
  4254 | D:4      | Gained mutation: Your demonic aura sometimes causes spilled
                  | blood to erupt in flames. [demonic ancestry]
  4254 | D:4      | Reached XP level 7. HP: 54/54 MP: 10/10
  4255 | D:4      | Reached *** piety under Trog
  4382 | D:4      | Noticed Pikel
  4588 | D:3      | Killed Pikel
  4589 | D:3      | Reached skill level 5 in Armour
  4589 | D:3      | Reached skill level 5 in Invocations
  4589 | D:3      | Reached XP level 8. HP: 29/60 MP: 10/12
  5157 | D:5      | Entered Level 5 of the Dungeon
  5211 | D:5      | Reached skill level 1 in Axes
  5671 | D:5      | Noticed Duvessa
  5671 | D:5      | Noticed Dowan
  5676 | D:5      | Killed Duvessa
  5686 | D:5      | Killed Dowan
  5865 | D:5      | Found Obimniph's Tremendous Tomes.
  6520 | D:6      | Found an iron altar of Okawaru.
  6660 | D:2      | Bought a shiny helmet for 180 gold pieces
  6760 | D:6      | Gained mutation: You have hoof-like feet. [demonic
                  | ancestry]
  6760 | D:6      | Reached XP level 9. HP: 66/66 MP: 13/13
  6799 | D:6      | Reached skill level 5 in Fighting
  6936 | D:6      | Found Raackas's Distillery.
  6943 | D:6      | Found an ancient bone altar of Kikubaaqudgha.
  6974 | D:6      | Reached **** piety under Trog
  7145 | D:6      | Bought a potion of curing for 33 gold pieces
  7522 | D:7      | Found Buolonn's Mass Market.
  7892 | D:7      | Found a shimmering altar of Xom.
  8037 | D:7      | Found a staircase to the Ecumenical Temple.
  8272 | D:7      | Identified the +9 battleaxe of Action {holy, rC+}
  8309 | D:7      | Noticed Joseph
  8315 | D:7      | Killed Joseph
  8623 | D:7      | Reached skill level 4 in Polearms
  8816 | D:7      | Gained mutation: Your spells are a little harder to cast,
                  | but a little more powerful. [potion of mutation]
  8816 | D:7      | Lost mutation: Your spells are a little harder to cast, but
                  | a little more powerful. [potion of mutation]
  9003 | D:8      | Noticed Erica
  9007 | D:8      | Gained mutation: You punish those that try to bend your
                  | will. (Will+) [demonic ancestry]
  9007 | D:8      | Reached XP level 10. HP: 80/80 MP: 14/14
  9011 | D:8      | Killed Erica
  9074 | D:8      | Noticed Maurice
  9086 | D:8      | Killed Maurice
  9091 | D:8      | Reached skill level 5 in Polearms
  9230 | D:8      | Reached ***** piety under Trog
  9926 | D:9      | Found an ornate altar of the Wu Jian Council.
 10040 | D:9      | Identified the +4 kite shield of the Rose {rC+}
 10054 | D:9      | Noticed an elephant
 10055 | D:9      | Found a staircase to the Lair.
 10061 | D:9      | Killed an elephant
 10062 | D:9      | Reached skill level 5 in Evocations
 10064 | D:9      | Reached skill level 1 in Shields
 10220 | D:9      | Noticed Maggie
 10229 | D:9      | Killed Maggie
 10635 | D:9      | Reached skill level 6 in Polearms
 10658 | D:9      | Identified the +7 sling of Ymmuil {vorpal, rC+++ Will-
                  | rCorr Dex-2}
 10769 | Lair:1   | Entered Level 1 of the Lair of Beasts
 10806 | Lair:1   | Reached XP level 11. HP: 44/86 MP: 15/15
 11349 | Lair:1   | Reached skill level 7 in Polearms
 11641 | Lair:1   | Reached skill level 5 in Shields
 12260 | Lair:2   | Found a gate leading to a gauntlet.
 12268 | Lair:2   | Found a staircase to the Snake Pit.
 12334 | Gauntlet | Entered a Gauntlet
 12334 | Gauntlet | Found a transporter.
 12334 | Gauntlet | Found a transporter.
 12336 | Gauntlet | Found a runed translucent door.
 12403 | Gauntlet | Found a transporter.
 12403 | Gauntlet | Found a transporter.
 12411 | Gauntlet | Found a transporter.
 12428 | Gauntlet | Noticed a death scarab
 12488 | Gauntlet | Found a transporter.
 12550 | Gauntlet | Found a transporter.
 12550 | Gauntlet | Found a transporter.
 12553 | Gauntlet | Noticed a balrug
 12562 | Gauntlet | Found a transporter.
 12562 | Gauntlet | Found a transporter.
 12570 | Gauntlet | Found a runed translucent door.
 12570 | Gauntlet | Found a runed translucent door.
 12578 | Gauntlet | Found a transporter.
 12578 | Gauntlet | Found a transporter.
 12578 | Gauntlet | Noticed a catoblepas
 12613 | Gauntlet | Killed a balrug
 12793 | Gauntlet | Identified the ring of Fallacy {rElec rF+ rC- Will+ Dex+3}
 12809 | Gauntlet | Identified the +9 trident of Mourning {speed, rPois Int-2
                  | Dex+5}
 12809 | Gauntlet | Identified the amulet "Riafaw" {rC+ Regen+ Dex+3}
 12809 | Gauntlet | Noticed a minotaur
 12817 | Gauntlet | Killed a minotaur
 12818 | Gauntlet | Reached XP level 12. HP: 57/93 MP: 16/16
 12912 | Gauntlet | Identified the +0 hat of the Iron City of Dis {Dex+2}
 12912 | Gauntlet | Identified the +0 plate armour of the Everdark {Str+3}
 13158 | Lair:2   | Received a gift from Trog
 13663 | Lair:3   | You fall into a shaft and drop 2 floors!
 13663 | Lair:5   | Entered Level 5 of the Lair of Beasts
 13733 | Lair:5   | Noticed a six-headed hydra
 13742 | Lair:4   | Killed a six-headed hydra
 13810 | Lair:4   | Noticed a seven-headed hydra
 13816 | Lair:4   | Reached skill level 10 in Shields
 13831 | Lair:4   | Killed a seven-headed hydra
 13903 | Lair:4   | Reached XP level 13. HP: 87/98 MP: 19/19
 14223 | Lair:4   | Identified the +1 ring mail of Honour {Str+2}
 14654 | Lair:3   | Found a staircase to the Shoals.
 14666 | Lair:3   | Reached skill level 8 in Polearms
 15037 | Snake:1  | Entered Level 1 of the Snake Pit
 15037 | Snake:1  | Noticed Roxanne
 15088 | Snake:1  | Killed Roxanne
 15218 | Snake:1  | Reached skill level 10 in Armour
 15242 | Snake:1  | Reached skill level 10 in Fighting
 15483 | Snake:1  | Found Qicil's Book Shoppe.
 15560 | Snake:1  | Found Hujall's Distillery.
 15562 | Snake:1  | Found Lutzunn's Book Shoppe.
 15566 | Snake:1  | Found Sagetuc's Antique Armour Shoppe.
 15746 | Snake:1  | Reached skill level 9 in Polearms
 15981 | Snake:2  | Reached XP level 14. HP: 104/110 MP: 20/20
 16218 | Snake:2  | Identified the +0 robe of Fejixzug {rF+ rC+++ Will- Int-5}
 16299 | Snake:2  | Reached skill level 10 in Polearms
 16477 | Snake:2  | Received a gift from Trog
 17445 | Snake:3  | Identified 2 scrolls of acquirement
 17695 | Snake:3  | Reached skill level 11 in Polearms
 18758 | Snake:4  | Entered Level 4 of the Snake Pit
 18781 | Snake:4  | Reached XP level 15. HP: 119/119 MP: 21/21
 18829 | Snake:4  | Reached skill level 10 in Evocations
 18933 | Snake:4  | Noticed Saint Roka
 18957 | Snake:4  | Killed Saint Roka
 19072 | Snake:4  | Received a gift from Trog
 19076 | Snake:4  | Reached skill level 12 in Polearms
 19121 | Snake:4  | Noticed a nagaraja
 19127 | Snake:4  | Noticed Mlioglotl
 19139 | Snake:4  | Noticed a deep elf sorcerer
 19289 | Snake:4  | Killed Mlioglotl
 19323 | Snake:4  | Killed a nagaraja
 19401 | Snake:4  | Noticed a nagaraja
 19404 | Snake:4  | Noticed a nagaraja
 19409 | Snake:4  | Noticed a nagaraja
 19414 | Snake:4  | Killed a nagaraja
 19421 | Snake:4  | Killed a nagaraja
 19430 | Snake:4  | Noticed a nagaraja
 19432 | Snake:4  | Killed a nagaraja
 19444 | Snake:4  | Killed a nagaraja
 19453 | Snake:4  | Noticed a nagaraja
 19895 | Snake:4  | Reached skill level 13 in Polearms
 20272 | Snake:4  | Received a gift from Trog
 20301 | Snake:4  | Noticed Aizul
 20308 | Snake:4  | Killed a nagaraja
 20323 | Snake:4  | Killed Aizul
 20414 | Snake:4  | Got a serpentine rune of Zot
 20699 | Shoals:1 | Entered Level 1 of the Shoals
 20786 | Shoals:1 | Gained mutation: You have hooves in place of feet. [demonic
                  | ancestry]
 20786 | Shoals:1 | Reached XP level 16. HP: 127/127 MP: 22/22
 21584 | Shoals:2 | Found Sigurd's Dragon-Slaying Spoils.
 21730 | Shoals:2 | Received a gift from Trog
 22033 | Shoals:2 | Found a runed translucent gate.
 22034 | Shoals:2 | Found a runed translucent gate.
 22035 | Shoals:2 | Found a runed translucent gate.
 22035 | Shoals:2 | Noticed Wecaes's ghost (journeyman HOFE)
 22329 | Shoals:3 | Identified the +1 ring mail "Qaraamiz" {+Inv rC+}
 22629 | Shoals:3 | Found Potuack's Distillery.
 22672 | Shoals:3 | Bought a potion of heal wounds for 75 gold pieces
 23085 | Shoals:4 | Entered Level 4 of the Shoals
 23085 | Shoals:4 | Found a blossoming altar of Fedhas.
 23112 | Shoals:4 | Received a gift from Trog
 23179 | Shoals:4 | Paralysed by an air elemental for 1 turns
 23183 | Shoals:4 | Paralysed by an air elemental for 1 turns
 23189 | Shoals:4 | Paralysed by an air elemental for 1 turns
 23279 | Shoals:4 | Reached skill level 14 in Polearms
 23376 | Shoals:4 | Noticed a titan
 23393 | Shoals:4 | Killed a titan
 23442 | Shoals:4 | Noticed Louise
 23480 | Shoals:4 | Killed Louise
 23523 | Shoals:4 | Paralysed by an air elemental for 1 turns
 23535 | Shoals:4 | Gained mutation: You are mostly covered in molten scales.
                  | (AC +3) [demonic ancestry]
 23535 | Shoals:4 | Reached XP level 17. HP: 118/137 MP: 23/23
 23582 | Shoals:4 | Got a barnacled rune of Zot
 23935 | Shoals:4 | Paralysed by an air elemental for 1 turns
 24137 | Shoals:4 | Paralysed by an air elemental for 1 turns
 24143 | Shoals:4 | Paralysed by an air elemental for 1 turns
 24179 | Shoals:4 | HP: 1/137 [merfolk/+0 trident[a merfolk impaler] (15)]
 24180 | Shoals:4 | Drowned by a water nymph

Illustrated notes

Levels and vault maps discovered:
D:1:      dpeg_arrival_short_road, layout_loops_cross,
          hellmonk_ecumenical_altar_dog_temple
D:2:      layout_rooms, serial_shops, nicolae_diamond_shop, uniq_robin
D:3:      layout_basic, minivault_26, nrook_campfire,
          minmay_goblin_kobold_house, uniq_ijyb, uniq_jessica, uniq_terence
D:4:      layout_basic, uniq_menkaure, uniq_pikel
D:5:      layout_basic, minmay_tree_intersection, st_stairs_13,
          minmay_large_rounded_square, nicolae_shop_i_like_big_books,
          uniq_duvessa
D:6:      layout_cave_pools, okawaru_altar_gauntlet_db,
          mainiacjoe_overflow_alcove_1, serial_shops,
          nicolae_inconvenience_store, minmay_puff
D:7:      layout_rooms, nicolae_overflow_squiral,
          minmay_temple_entry_glassed_door, minmay_shop_mass,
          kennysheep_generic_room_16, uniq_joseph
D:8:      layout_loops_ring, kennysheep_cross_bottleneck,
          kennysheep_generic_room_14, uniq_erica, uniq_maurice
D:9:      layout_cave_pods, pdpol_wu_jian_five_deadly_venoms,
          david_lair_generic, grunt_decor_arrowhead,
          hangedman_decor_peaks_small, uniq_maggie
Lair:1:   layout_small_grid, grunt_megastairs_4
Lair:2:   layout_misc_corridors, minmay_snake_entry_guardpost_small,
          gauntlet_entry_generic
Lair:3:   layout_misc_corridors, minmay_shoals_entry_hut
Lair:4:   layout_cave_pods, minivault_27
Lair:5:   gammafunk_lair_ancient_temple, layout_regular_city, slime_entry_1,
          portal_ice_cave_entry_pillars_2, eino_small_chamber_without_monster,
          nicolae_lair_yak_garden, grunt_megastairs_3
Shoals:1: layout_shoals, nicolae_shoals_square_sea_wall
Shoals:2: layout_shoals, gammafunk_ghost_tricky_traps, nicolae_shop_dragon_depot
Shoals:3: layout_shoals, serial_shops, shop, nicolae_shoals_shepherds
Shoals:4: shoals_end_hellmonk_storm_palace [storm_palace_center_circular,
          storm_palace_corner_reverse_hut, storm_palace_corner_blocked,
          storm_palace_corner_altar, storm_palace_corner_narrow], uniq_louise
Snake:1:  layout_rooms, minmay_shop_grid_forest, uniq_roxanne
Snake:2:  layout_layer_cave, st_stairs_10, grunt_ministairs_5
Snake:3:  cheibrodos_forgotten_conduit, layout_layer_cave
Snake:4:  johnstein_snake_rune_scales, layout_concentric_octagons,
          uniq_mlioglotl, uniq_aizul, uniq_saint_roka

Skill      XL: |  1  2  3  4  5  6  7  8  9 10 11 12 13 14 15 16 |
---------------+-------------------------------------------------+-----
Armour         | 2 3 4 5 7 8 9 10 11 12 13 | 13.8
Invocations    | 1 2 3 4 5 6 9 |  9.0
Polearms       | 3 4 6 7 9 11 13 14 | 14.3
Fighting       | 4 7 8 10 11 12 13 | 13.5
Evocations     | 1 2 3 4 6 8 9 11 12 | 12.8
Axes           | 3 4 |  4.5
Shields        | 3 7 10 11 12 | 12.7
Dodging        | |  1.7

Action                   |  1- 3 |  4- 6 |  7- 9 | 10-12 | 13-15 | 16-18 || total
-------------------------+-------+-------+-------+-------+-------+-------++-------
Melee: Spear             |   153 |       |       |       |       |       ||   153
       Punch             |     2 |       |       |       |       |       ||     2
       Battleaxe         |     7 |    72 |   168 |       |       |       ||   247
       Kick              |       |    10 |    45 |   160 |   304 |   213 ||   732
       Trident           |       |       |    23 |   432 |   901 |       ||  1356
       Demon trident     |       |       |       |       |    20 |   729 ||   749
Throw: Boomerang         |       |     1 |     8 |       |       |       ||     9
       Dart              |       |       |     7 |       |       |       ||     7
       Javelin           |       |       |       |       |     2 |       ||     2
Invok: Berserk           |       |       |     3 |    10 |    12 |     6 ||    31
       Trog's Hand       |       |       |       |     1 |     5 |     2 ||     8
       Brothers in Arms  |       |       |       |     1 |     2 |     4 ||     7
Evoke: Wand              |       |     1 |       |       |    12 |    18 ||    31
  Use: Potion            |     2 |       |     7 |       |     8 |     3 ||    20
       Scroll            |       |       |    16 |     5 |    13 |     2 ||    36
 Stab: Sleeping          |     1 |       |       |       |       |       ||     1
       Distracted        |       |       |       |       |       |     1 ||     1
Armor: Leather armour    |    49 |       |       |       |       |       ||    49
       Chain mail        |     3 |    40 |   118 |   103 |       |       ||   264
       Plate armour      |       |       |       |    76 |   284 |   315 ||   675
Dodge: Dodged            |    86 |    31 |    81 |    95 |   132 |   109 ||   534
Block: Kite shield       |       |       |       |   246 |   567 |   513 ||  1326
